 Dungeon Crawl Stone Soup version 0.20.0-10-g0535bb4 (webtiles) character file.

662654 grindst0ne the Slayer (level 27, -5/156 HPs)
             Began as a Gargoyle Fighter on June 6, 2017.
             Was a High Priest of Okawaru.
             Killed from afar by an orb of fire (7 damage)
             ... with a fireball
             ... on level 5 of the Realm of Zot.
             The game lasted 04:02:26 (66370 turns).

grindst0ne the Slayer (Gargoyle Fighter)           Turns: 66370, Time: 04:02:27

Health: -5/156     AC: 71    Str: 24    XL:     27
Magic:  3/28       EV: 25    Int: 11    God:    Okawaru [*****.]
Gold:   6852       SH:  0    Dex: 16    Spells: 26/26 levels left

rFire    + . .     SeeInvis .   M - +9 executioner's axe (freeze)
rCold    + + .     Gourm    .   (shield currently unavailable)
rNeg     + . .     Faith    .   I - +9 crystal plate armour of Binkar {rPois}
rPois    ∞         Spirit   .   (helmet restricted)
rElec    +         Reflect  .   p - scarf {rC+ rF+}
rCorr    .         Harm     .   E - +0 pair of gloves of Impatience {MR+}
MR       +++..     Rnd*Rage +   (no boots) Stlth ..........Rnd*Tele +
                                j - amulet of the Air {Inacc +Fly rElec EV+5 RMsl}
Regen    0.4/turn               L - ring of Robustness {AC+8}
MPRegen  0.3/turn               Z - ring of Shadows {Umbra +Inv Stlth+}

@: heroism, finesse, berserk cooldown, flying, slowed, wreathed by umbra, repel
missiles, very slow
A: antennae 1, big wings, berserk 2, blurry vision 2, clumsy 1, cold resistance
1, frail 2, low mp 2, negative energy resistance 1, electricity resistance,
strong 1, teleportitis 1, unbreathing, petrification resistance, rot immunity,
MP-powered wands, AC +20
}: 3/15 runes: serpentine, barnacled, silver
a: Stop Flying, Heroism, Finesse, Renounce Religion, Evoke Invisibility


You were on level 5 of the Realm of Zot.
You worshipped Okawaru.
Okawaru was extremely pleased with you.
You were not hungry.

You visited 10 branches of the dungeon, and saw 50 of its levels.
You visited the Abyss 2 times.
You also visited: Ossuary and Ice Cave.

You collected 7303 gold pieces.
You spent 451 gold pieces at shops.

Inventory:

Hand Weapons
 l - the +2 battleaxe of Battle {vamp, rPois rN+++ Dex-2}
   (Okawaru gifted it to you on level 2 of the Realm of Zot)

   It inflicts no extra harm, but heals its wielder when it wounds a living foe.
   It affects your dexterity (-2).
   It protects you from poison.
   It renders you almost immune to negative energy.
 M - a +9 executioner's axe of freezing (weapon)
Armour
 p - a scarf of resistance (worn)
 E - the +0 pair of gloves of Impatience (worn) {MR+}
   (Okawaru gifted it to you on level 6 of the Lair of Beasts)

   It affects your resistance to hostile enchantments.
 I - the +9 crystal plate armour of Binkar (worn) {rPois}
   (Okawaru gifted it to you on level 9 of the Dungeon)

   It protects you from poison.
 V - the +3 helmet of the Other Side {rC++ Str-5}
   (You bought it in a shop on level 1 of the Snake Pit)

   It affects your strength (-5).
   It greatly protects you from cold.
Jewellery
 j - the amulet of the Air (around neck) {Inacc +Fly rElec EV+5 RMsl}
   (You found it on level 5 of the Vaults)

   [amulet of inaccuracy]

   It reduces the accuracy of all your attacks.
   It affects your evasion (+5).
   It insulates you from electricity.
   It lets you fly.
   It protects you from missiles.
 L - the ring of Robustness (left hand) {AC+8}
   (You took it off an orc knight on level 5 of the Vaults)

   [ring of protection]

   It affects your AC (+8).
 S - the amulet of Ypeadd {rPois rN+ Regen+ MP-9}
   (You acquired it on level 4 of the Snake Pit)

   [amulet of regeneration]

   It protects you from poison.
   It protects you from negative energy.
   It affects your magic capacity (-9).
   It increases your rate of regeneration.
 Z - the ring of Shadows (right hand) {Umbra +Inv Stlth+}
   (You found it on level 3 of the Elven Halls)

   [ring of stealth]

   It lets you turn invisible.
   It makes you more stealthy.
Wands
 v - a wand of digging (15/24)
 B - a wand of scattershot (7/9)
 H - a wand of acid (11/15)
 K - a wand of scattershot (8/9)
 Y - a wand of scattershot (8/9)
Scrolls
 d - 7 scrolls of magic mapping
 e - 3 scrolls of enchant weapon
 k - 23 scrolls of remove curse
 m - 10 scrolls of blinking
 o - 6 scrolls of enchant armour
 q - 7 scrolls of fear
 u - 4 scrolls of recharging
 w - a scroll of identify
 C - a scroll of silence
 D - 18 scrolls of teleportation
 O - 2 scrolls of brand weapon
 P - 3 scrolls of holy word
 R - 2 scrolls of summoning
 U - 8 scrolls of fog
Potions
 c - a potion of ambrosia
 h - 22 potions of curing
 n - 7 potions of resistance
 s - 6 potions of haste
 t - 13 potions of lignification
 y - a potion of might
 z - a potion of invisibility
 A - 6 potions of cancellation
 Q - 6 potions of agility
 T - 2 potions of berserk rage
Miscellaneous
 a - a phial of floods
 g - a lamp of fire
 i - 2 phantom mirrors
 x - a lightning rod (4/4)
 G - a fan of gales
 N - 2 boxes of beasts
 X - 7 sacks of spiders
Comestibles
 f - 18 bread rations
 r - 17 royal jellies
 F - 24 meat rations
 J - 34 fruits
 W - a chunk of flesh


   Skills:
 - Level 26.3(27) Fighting
 - Level 20.2(25.2) Axes
 - Level 22.0(27) Armour
 - Level 20.5(25.5) Dodging
   Level 3.2(8.2) Shields
 - Level 17.1 Invocations
 + Level 15.1 Evocations


You had 26 spell levels left.
You didn't know any spells.

Dungeon Overview and Level Annotations

Branches:
Dungeon (15/15)            Temple (1/1) D:5            Lair (6/6) D:10
 Shoals (4/4) Lair:4        Snake (4/4) Lair:3        Slime (0/5) Lair:6
    Orc (2/2) D:9             Elf (3/3) Orc:2        Vaults (5/5) D:14
  Crypt (0/3) Vaults:3     Depths (5/5) D:15            Zot (5/5) Depths:5

Altars:
Ashenzari
Cheibriados
Dithmenos
Elyvilon
Fedhas
Gozag
Hepliaklqana
Kikubaaqudgha
Makhleb
Nemelex Xobeh
Okawaru
Qazlal
Ru
Sif Muna
Trog
Uskayaw
Vehumet
Xom
Yredelemnul
Zin
The Shining One
Beogh
Jiyva

Shops:
D:13 **}!   Orc:2 }(:[   Shoals:1 }   Shoals:2 }   Snake:1 [[[*   Vaults:4 [*=
Vaults:5 *?   Depths:1 *

Portals:
Hell: Depths:1 Depths:2 Depths:3 Depths:4 Depths:5
Abyss: Depths:4
Pandemonium: Depths:2 Depths:3 Depths:4 Depths:5
Ziggurat: Depths:5

Annotations:
Lair:4 exclusion: 2 oklob plants


Innate Abilities, Weirdness & Mutations

You are resistant to torment.
Your stone body is resilient. (AC +20)
You are immune to poison.
Your large and strong wings let you fly indefinitely.
You resist negative energy. (rN+)
You are resistant to electric shocks. (rElec)
You can survive without breathing.
You are immune to petrification.
You are immune to rotting.
You have a pair of small antennae on your head.
You often lose your temper in combat.
Scrolls take you longer to read.
You are clumsy. (Dex -2)
Your flesh is cold resistant. (rC+)
You are very frail. (-20% HP)
Your magical capacity is very low. (-20% MP)
Your muscles are strong. (Str +2)
You are occasionally teleported next to monsters.
You expend magic power (3 MP) to strengthen your wands.


Message History

The fireball engulfs the orb of fire.
The orb of fire completely resists.
The orb of fire glows deep purple.
The fireball explodes!
The fireball engulfs you! You resist.
* * * LOW HITPOINT WARNING * * *
The fireball engulfs the orb of fire.
The orb of fire completely resists.
The fireball engulfs the orb of fire.
The orb of fire completely resists.
You feel much better.
The orb of fire glows red.
The bolt of fire hits you! You resist.
* * * LOW HITPOINT WARNING * * *
The orb of fire glows red.
The bolt of fire misses you.
Okay, then.
Your surroundings seem slightly different.
The orb of fire glows bright magenta.
The bolt of fire hits you! You resist.
* * * LOW HITPOINT WARNING * * *
The orb of fire glows red.
The fireball explodes!
The fireball engulfs you! You resist.
You die...

.......
#▓▓▓▓▓▓▓#▓▓▓##.....▓▓
###..)................##
##....##÷....(..........##
#...###..................##
...###....................#
..## #...^........^.......#
..# #..........@.........#
.## #......^.............#
.# #............^.......#
.## #....................#
..# ##............*.....##
..## ##...^.....§.*....##
...# ##..............##
####▓▓▓▓################
#....#..#..⌠###{..###


You could see 2 orbs of fire.

Vanquished Creatures
  5 orbs of fire
  A juggernaut (Depths:5)
  Sojobo (Vaults:3)
  Frederick (Depths:4)
  Saint Roka (Snake:2)
  Xtahua (Vaults:5)
  A Killer Klown (Zot:5)
  A curse toe (Zot:4)
  Bai Suzhen (Vaults:3)
  A caustic shrike (Depths:4)
  8 golden dragons
  Nikola (Snake:2)
  Jorgrun (Vaults:3)
  The ghost of Canard the Bringer of Law, an adept HOWn of Zin (Elf:3)
  2 electric golems
  6 liches
  26 tentacled monstrosities
  11 Orb Guardians (Zot:5)
  2 deep elf master archers (Elf:3)
  Asterion (Vaults:3)
  4 titans (Vaults:5)
  2 deep elf blademasters (Elf:3)
  11 quicksilver dragons
  Frances (D:13)
  Polyphemus (Shoals:2)
  3 krakens
  6 death cobs
  Gastronok (D:8)
  5 tengu reavers
  2 sphinxes
  12 shadow dragons
  Ilsuiw (Shoals:3)
  Roxanne (Snake:1)
  The ghost of Vojta the Eclecticist, an adept DEAs of Vehumet (Snake:4)
  11 storm dragons
  Agnes (Elf:2)
  A revenant (Depths:3)
  Donald (Shoals:3)
  10 nagarajas
  6 fire giants
  2 ghost moths (Zot:5)
  5 draconian monks
  14 frost giants
  An orc warlord (Orc:2)
  2 draconian knights
  Aizul (Vaults:3)
  Louise (Depths:4)
  7 deep elf sorcerers
  5 draconian scorchers
  3 iron dragons
  11 vault wardens
  3 draconian stormcallers
  2 draconian shifters
  5 deep elf elementalists
  A caustic shrike zombie (Depths:3)
  A ghoul (Vaults:5)
  17 ironheart preservers
  3 draconian annihilators
  A juggernaut skeleton (Depths:3)
  2 war gargoyles (Vaults:5)
  14 stone giants
  28 very ugly things
  A caustic shrike skeleton (Depths:3)
  6 spriggan defenders
  9 vampire knights
  A lorocyproca (Depths:3)
  13 black draconians
  10 green draconians
  Azrael (Elf:2)
  6 deep elf annihilators
  11 red draconians
  9 deep elf demonologists
  5 spark wasps
  11 yellow draconians
  10 purple draconians
  13 white draconians
  9 merfolk javelineers
  The ghost of no0bjke the Impaler, a journeyman GrFi of Okawaru (Lair:6)
  19 ettins
  12 great orbs of eyes
  A blizzard demon (Depths:1)
  7 fire dragons
  5 deep elf death magi
  A green death (Depths:1)
  A minotaur (shapeshifter) (Depths:5)
  8 deep elf high priests
  5 rakshasas
  Erolcha (D:13)
  9 merfolk impalers
  A great orb of eyes (shapeshifter) (Vaults:5)
  15 yaktaur captains
  8 hydras
  A quicksilver dragon skeleton (Depths:3)
  36 vault guards
  20 anacondas
  9 ice dragons
  6 merfolk avatars (Shoals:4)
  A hell beast (Depths:1)
  14 ogre magi
  11 naga warriors
  4 death knights
  5 spriggan air magi
  4 centaur warriors
  5 merfolk aquamancers
  28 dancing weapons
  2 catoblepae
  Erica (Lair:1)
  3 alligator snapping turtles
  20 deep troll shamans
  41 two-headed ogres
  7 deep troll earth magi
  16 naga sharpshooters
  10 tengu warriors
  A titan zombie (Depths:3)
  8 shock serpents
  34 hell knights
  16 death yaks
  Nergalle (Lair:1)
  7 spriggan berserkers
  A sun demon (Depths:2)
  5 orc high priests (Orc:2)
  13 spriggans
  3 small abominations
  25 deep elf knights
  2 shadow wraiths
  8 iron trolls
  A fire crab (shapeshifter) (Depths:3)
  2 titan skeletons
  A salamander mystic (Snake:3)
  A large abomination (Vaults:5)
  19 sea snakes
  18 skeletal warriors
  3 spriggan druids (Depths:2)
  A golden dragon zombie (Depths:3)
  6 naga ritualists
  4 unseen horrors
  A gelid demonspawn (Depths:3)
  A shadow demon (Depths:2)
  A torturous demonspawn (Depths:2)
  20 deep elf archers
  6 wizards
  50 deep trolls
  A lindwurm (Lair:6)
  2 flayed ghosts
  4 glowing orange brains
  A wolf spider zombie (D:14)
  A swamp dragon (shapeshifter) (Vaults:5)
  A golden dragon skeleton (Depths:2)
  3 tengu zombies (Depths:3)
  A harpy (shapeshifter) (Depths:4)
  20 ironbrand convokers
  A mana viper (shapeshifter) (D:15)
  8 phantasmal warriors
  20 harpies
  A frost giant zombie (Depths:3)
  A sphinx zombie (Depths:3)
  24 orc knights
  A fire giant zombie (Depths:3)
  7 necromancers
  6 mana vipers
  71 deep elf magi
  8 fauns
  A stone giant zombie (Depths:2)
  2 wolf spiders
  8 manticores
  8 salamanders
  45 ugly things
  A manticore (shapeshifter) (Vaults:4)
  4 cyclopes
  5 orc sorcerers
  38 slime creatures
  An oklob plant (Lair:5)
  10 elephants
  26 moths of wrath
  A stone giant skeleton (Vaults:3)
  2 frost giant skeletons
  5 water nymphs
  A moth of wrath (shapeshifter) (Vaults:3)
  2 tengu skeletons (Depths:3)
  42 black mambas
  2 centaur zombies
  2 titan simulacra (Vaults:5)
  15 guardian serpents
  5 merfolk sirens
  18 naga magi
  A black mamba (shapeshifter) (Depths:1)
  16 vault sentinels
  3 fire giant skeletons
  An ice statue (IceCv)
  A guardian serpent (shapeshifter) (Depths:1)
  A torpor snail (shapeshifter) (Depths:1)
  An eye of devastation (shapeshifter) (Depths:4)
  3 rust devils
  An orange demon (Depths:1)
  2 spiny frogs (shapeshifter)
  6 spiny frogs
  A gargoyle (D:14)
  A spriggan skeleton (Depths:3)
  6 rime drakes
  An efreet (D:14)
  A yaktaur zombie (Vaults:1)
  6 freezing wraiths
  A komodo dragon (shapeshifter) (Vaults:4)
  53 yaktaurs
  4 kobold demonologists (Depths:1)
  3 komodo dragons
  5 hellwings
  2 red devils (Depths:3)
  4 tengu conjurers
  A yaktaur skeleton (Vaults:3)
  9 wind drakes
  A troll (shapeshifter) (Vaults:2)
  6 trolls
  An ice devil (Depths:1)
  2 polar bears (shapeshifter)
  13 polar bears
  39 merfolk
  17 hornets
  A blink frog (shapeshifter) (Vaults:5)
  A wind drake (shapeshifter) (Vaults:5)
  2 spriggan zombies
  12 dream sheep
  2 hornets (shapeshifter)
  Prince Ribbit (Lair:1)
  16 blink frogs
  9 snapping turtles
  A stone giant simulacrum (Vaults:1)
  A hippogriff (shapeshifter) (D:14)
  4 hippogriffs
  4 flying skulls
  A deep troll zombie (Depths:1)
  A fire giant simulacrum (Vaults:5)
  A shadow (D:13)
  7 wraiths
  2 ynoxinuls
  A redback (shapeshifter) (D:15)
  4 wyverns
  An ettin skeleton (Vaults:3)
  6 air elementals
  2 tarantellas (shapeshifter)
  61 yaks
  A golden eye (shapeshifter) (Vaults:4)
  18 water elementals
  3 steam dragons
  10 fire elementals
  The ghost of Mlkhall the Stinger, an amateur NaVM (D:3)
  2 basilisks
  A neqoxec (Depths:1)
  Grum (D:9)
  5 hungry ghosts
  2 vampire mosquitoes (D:15)
  11 wargs
  53 nagas
  12 water moccasins
  An acid dragon (shapeshifter) (Vaults:3)
  An elf skeleton (Vaults:1)
  2 floating eyes (Depths:5)
  5 porcupines
  5 hell hounds
  2 ice beasts
  65 orc warriors
  4 black bears
  47 ogres
  4 phantoms
  4 sky beasts
  10 boggarts
  4 eyes of draining
  48 wolves
  A necrophage (D:6)
  15 crocodiles
  7 centaurs
  4 big kobolds
  13 bullfrogs
  A deep troll simulacrum (Vaults:1)
  6 human skeletons
  An earth elemental (Elf:1)
  2 wyvern skeletons
  3 scorpions
  14 killer bees
  4 howler monkeys
  10 wights
  11 electric eels
  5 bullfrog zombies
  A quasit (Depths:3)
  2 crimson imps
  A bullfrog skeleton (D:11)
  40 orc priests
  10 hounds
  A jelly (D:9)
  25 orc wizards
  6 centaur skeletons
  2 iron imps (Depths:3)
  4 iguanas
  11 worker ants
  A killer bee zombie (D:9)
  6 hound zombies
  A hound skeleton (D:6)
  12 mummies (Ossuary)
  A howler monkey zombie (D:7)
  3 worker ant zombies
  11 gnolls
  12 adders
  A river rat (shapeshifter) (Vaults:5)
  6 shadow imps
  An ufetubus (Depths:3)
  An ooze (D:6)
  2 adder skeletons
  6 adder zombies
  3 worms
  4 dart slugs
  3 leopard geckos
  154 orcs
  8 giant cockroaches
  10 hobgoblins
  11 kobolds
  5 quokkas
  A ball python (D:1)
  A ball python skeleton (D:4)
  17 bats
  5 frilled lizards
  A giant cockroach zombie (Ossuary)
  8 goblins
  A jackal zombie (Ossuary)
  2 leopard gecko zombies (Ossuary)
  2 quokka skeletons
  3 quokka zombies (Ossuary)
  7 rats
  A crawling corpse (Elf:3)
  4 fungi
  10 plants
  4 tentacles
2626 creatures vanquished.

Vanquished Creatures (collateral kills)
  Rupert (D:15)
  A two-headed ogre (Orc:1)
  2 orcs (Orc:1)
4 creatures vanquished.

Vanquished Creatures (others)
  2 storm dragons
  A merfolk javelineer (Shoals:3)
  An ogre mage (Vaults:3)
  A dancing weapon (Elf:1)
  A shock serpent (Snake:4)
  A hell knight (Depths:5)
  A naga sharpshooter (Snake:4)
  4 deep elf knights
  A deep elf archer (Vaults:3)
  2 necromancers (Depths:5)
  A harpy (Vaults:4)
  2 deep elf magi
  An ugly thing (Vaults:1)
  4 yaktaurs
  2 wind drakes (Shoals:1)
  An air elemental (Elf:1)
  3 nagas (Snake:4)
  4 ogres
  A wolf (IceCv)
  A centaur (Shoals:4)
  A quokka (D:8)
  8 fungi
  14 plants
  17 tentacles
  2 withered plants (Ossuary)
77 creatures vanquished.

Grand Total: 2707 creatures vanquished

Notes
Turn   | Place    | Note
-------+----------+-------------------------------------------
     0 | D:1      | grindst0ne the Gargoyle Fighter began the quest for the Orb.
     0 | D:1      | Reached XP level 1. HP: 14/14 MP: 1/1
   135 | D:1      | Reached XP level 2. HP: 20/20 MP: 2/2
   152 | D:1      | Reached skill level 4 in Fighting
   399 | D:1      | Reached XP level 3. HP: 24/24 MP: 3/3
   974 | D:2      | Reached skill level 5 in Fighting
  1091 | D:2      | Reached XP level 4. HP: 25/31 MP: 4/4
  1225 | D:2      | Found a shattered altar of Ashenzari.
  1866 | D:3      | Noticed Mlkhall's ghost (amateur NaVM)
  1882 | D:3      | Killed Mlkhall's ghost
  1882 | D:3      | Reached skill level 5 in Armour
  1882 | D:3      | Reached XP level 5. HP: 28/35 MP: 5/5
  1889 | D:3      | Reached XP level 6. HP: 33/40 MP: 6/6
  2531 | D:4      | Found a sand-covered staircase.
  2540 | Ossuary  | Entered an ossuary
  2748 | Ossuary  | Reached XP level 7. HP: 27/44 MP: 7/7
  3701 | D:4      | Reached XP level 8. HP: 49/49 MP: 8/8
  3719 | D:5      | Entered Level 5 of the Dungeon
  3780 | D:5      | Found a staircase to the Ecumenical Temple.
  3792 | Temple   | Entered the Ecumenical Temple
  3863 | Temple   | Became a worshipper of Warmaster Okawaru
  4072 | D:5      | Found a shimmering altar of Xom.
  4697 | D:6      | Reached skill level 10 in Armour
  4776 | D:6      | Reached * piety under Okawaru
  5235 | D:6      | Cast into level 1 of the Abyss (gnoll)
  5301 | Abyss:1  | Noticed a ynoxinul
  5322 | D:6      | Escaped the Abyss
  5396 | D:6      | Gained mutation: Your magical capacity is low. (-10% MP) [potion of mutation]
  5396 | D:6      | Gained mutation: Your muscles are strong. (Str +2) [potion of mutation]
  5396 | D:6      | Gained mutation: You have large cloven feet. [potion of mutation]
  5397 | D:6      | Lost mutation: You have large cloven feet. [potion of mutation]
  5397 | D:6      | Lost mutation: Your magical capacity is low. (-10% MP) [potion of mutation]
  5397 | D:6      | Gained mutation: You are clumsy. (Dex -2) [potion of mutation]
  5397 | D:6      | Lost mutation: You are clumsy. (Dex -2) [potion of mutation]
  5397 | D:6      | Gained mutation: You have an increased reservoir of magic. (+10% MP) [potion of mutation]
  5398 | D:6      | Lost mutation: You have an increased reservoir of magic. (+10% MP) [potion of mutation]
  5398 | D:6      | Lost mutation: Your muscles are strong. (Str +2) [potion of mutation]
  5398 | D:6      | Gained mutation: You are partially covered in large bone plates. (SH +4) [potion of mutation]
  5398 | D:6      | Gained mutation: Your mind is acute. (Int +2) [potion of mutation]
  5398 | D:6      | Gained mutation: Your spells are a little harder to cast, but a little more powerful. [potion of mutation]
  5758 | D:6      | Got a heavily runed ring mail
  5769 | D:6      | Identified the cursed +0 ring mail "Suducos" {Slay+4} (You found it on level 6 of the Dungeon)
  5798 | D:6      | Reached XP level 9. HP: 54/54 MP: 9/9
  6397 | D:7      | Reached ** piety under Okawaru
  7034 | D:8      | Noticed a two-headed ogre
  7041 | D:8      | Noticed a two-headed ogre
  7044 | D:8      | Killed a two-headed ogre
  7044 | D:8      | Reached *** piety under Okawaru
  7046 | D:8      | Killed a two-headed ogre
  7046 | D:8      | Reached XP level 10. HP: 46/59 MP: 8/10
  7210 | D:8      | Reached **** piety under Okawaru
  7216 | D:8      | Found a bloodstained altar of Trog.
  7218 | D:8      | Found a hazy altar of Hepliaklqana.
  7218 | D:8      | Found a basalt altar of Yredelemnul.
  7239 | D:8      | Found an ancient bone altar of Kikubaaqudgha.
  7457 | D:8      | Noticed Gastronok
  7623 | D:8      | Killed Gastronok
  7623 | D:8      | Reached ***** piety under Okawaru
  7623 | D:8      | Reached skill level 10 in Axes
  7673 | D:8      | Found a white marble altar of Elyvilon.
  7715 | D:8      | Noticed a two-headed ogre
  7726 | D:8      | Killed a two-headed ogre
  7726 | D:8      | Reached XP level 11. HP: 63/63 MP: 9/11
  8289 | D:9      | Received a gift from Okawaru
  8292 | D:9      | Got a translucent crystal plate armour {god gift}
  8303 | D:9      | Identified the +9 crystal plate armour of Binkar {rPois} (Okawaru gifted it to you on level 9 of the Dungeon)
  8382 | D:9      | Found a staircase to the Orcish Mines.
  8978 | D:9      | Noticed a three-headed hydra
  9319 | D:9      | Killed a seven-headed hydra
  9364 | D:9      | Found a sacrificial altar of Ru.
  9366 | D:9      | Noticed Grum
  9406 | D:9      | Killed Grum
  9511 | D:10     | Entered Level 10 of the Dungeon
  9855 | D:10     | Found a roughly hewn altar of Beogh.
 10131 | D:10     | Found a staircase to the Lair.
 10333 | D:10     | Noticed a two-headed ogre
 10339 | D:10     | Killed a two-headed ogre
 10656 | Lair:1   | Entered Level 1 of the Lair of Beasts
 10656 | Lair:1   | Noticed Nergalle
 10684 | Lair:1   | Noticed a spectral orc warlord
 10684 | Lair:1   | Killed Nergalle
 10684 | Lair:1   | Reached XP level 12. HP: 68/68 MP: 10/12
 10792 | Lair:1   | Reached skill level 15 in Armour
 11002 | Lair:1   | Noticed Prince Ribbit
 11032 | Lair:1   | Received a gift from Okawaru
 11046 | Lair:1   | Killed Prince Ribbit
 11110 | Lair:1   | Noticed Erica
 11125 | Lair:1   | Killed Erica
 11208 | Lair:1   | Noticed an eight-headed hydra
 11220 | Lair:1   | Killed a six-headed hydra
 11795 | Lair:2   | Reached skill level 1 in Evocations
 11801 | Lair:2   | Received a gift from Okawaru
 12820 | Lair:3   | Noticed a four-headed hydra
 12829 | Lair:3   | Killed a one-headed hydra
 12830 | Lair:3   | Noticed an anaconda
 12836 | Lair:3   | Killed an anaconda
 12907 | Lair:3   | Found a staircase to the Snake Pit.
 13839 | Lair:4   | Reached XP level 13. HP: 72/72 MP: 16/16
 14454 | Lair:4   | Found a staircase to the Shoals.
 14696 | Lair:5   | Received a gift from Okawaru
 16217 | Lair:6   | Entered Level 6 of the Lair of Beasts
 16682 | Lair:6   | Received a gift from Okawaru
 16754 | Lair:6   | Reached skill level 15 in Axes
 16993 | Lair:6   | Gained mutation: Your large and strong wings let you fly indefinitely. [Gargoyle growth]
 16993 | Lair:6   | Reached XP level 14. HP: 78/78 MP: 17/17
 17607 | Lair:6   | Reached ****** piety under Okawaru
 17636 | Lair:6   | Noticed no0bjke's ghost (journeyman GrFi)
 17676 | Lair:6   | Killed no0bjke's ghost
 17722 | Lair:6   | Found a viscous altar of Jiyva.
 17723 | Lair:6   | Found a staircase to the Slime Pits.
 18025 | Lair:6   | Received a gift from Okawaru
 18056 | Lair:6   | Got a pair of encrusted gloves {god gift}
 18062 | Lair:6   | Identified the +0 pair of gloves of Impatience {MR+} (Okawaru gifted it to you on level 6 of the Lair of Beasts)
 19659 | D:12     | Found a large runed door.
 19660 | D:12     | Found a large runed door.
 19685 | D:12     | Found a large runed door.
 19685 | D:12     | Found a large runed door.
 20550 | D:13     | Noticed Frances
 20619 | D:13     | Killed Frances
 20863 | D:13     | Reached XP level 15. HP: 77/82 MP: 18/18
 21049 | D:13     | Found Golu's Gadget Shoppe.
 21092 | D:13     | Found Zibiheto's General Store.
 21117 | D:13     | Found Ejiqyace's Assorted Antiques.
 21118 | D:13     | Noticed Erolcha
 21129 | D:13     | Killed Erolcha
 21309 | D:13     | Found Fileucs's Distillery.
 21659 | D:14     | Found a gate to the Vaults.
 21718 | D:14     | Received a gift from Okawaru
 22667 | D:15     | Entered Level 15 of the Dungeon
 22752 | D:15     | Found a frozen archway.
 22786 | IceCv    | Entered an ice cave
 22888 | IceCv    | Received a gift from Okawaru
 23233 | IceCv    | Noticed a frost giant
 23249 | IceCv    | Killed a frost giant
 23578 | D:15     | Received a gift from Okawaru
 23642 | D:15     | Reached XP level 16. HP: 80/87 MP: 19/19
 23969 | D:15     | Noticed Rupert
 23996 | D:15     | Killed Rupert
 24375 | D:15     | Found a staircase to the Depths.
 24782 | Orc:1    | Entered Level 1 of the Orcish Mines
 24887 | Orc:1    | Received a gift from Okawaru
 24896 | Orc:1    | Got a pair of polished gloves {god gift}
 24907 | Orc:1    | Identified the +0 pair of gloves of Leaves {Str+3} (Okawaru gifted it to you on level 1 of the Orcish Mines)
 25155 | Orc:2    | Entered Level 2 of the Orcish Mines
 25155 | Orc:2    | Found a staircase to the Elven Halls.
 26924 | Orc:2    | Found Joinger's Armour Emporium.
 26924 | Orc:2    | Found Apuhog's Book Emporium.
 26925 | Orc:2    | Found Ytill's Weapon Shoppe.
 26925 | Orc:2    | Found Roerphu's Gadget Emporium.
 27332 | Snake:1  | Entered Level 1 of the Snake Pit
 27667 | Snake:1  | Received a gift from Okawaru
 27670 | Snake:1  | Got an ichor-stained executioner's axe {god gift}
 27671 | Snake:1  | Identified the +0 executioner's axe of Bloody Death {freeze, rN+ Stlth+} (Okawaru gifted it to you on level 1 of the Snake Pit)
 27976 | Snake:1  | Found Vegaal's Armour Emporium.
 27977 | Snake:1  | Found Bic Ceac's Antique Armour Shoppe.
 27977 | Snake:1  | Found Damarr's Antique Armour Emporium.
 27980 | Snake:1  | Found Jeusuot's General Store.
 28006 | Snake:1  | Bought a scroll of identify for 24 gold pieces
 28006 | Snake:1  | Identified a scroll of acquirement
 28013 | Snake:1  | Bought a jewelled helmet for 427 gold pieces
 28024 | Snake:1  | Identified the +3 helmet of the Other Side {rC++ Str-5} (You bought it in a shop on level 1 of the Snake Pit)
 28042 | Snake:1  | Noticed Roxanne
 28079 | Snake:1  | Killed Roxanne
 28088 | Snake:1  | Reached XP level 17. HP: 88/92 MP: 20/20
 28092 | Snake:1  | Identified Roxanne's Disquisition on the Mountains (You took it off Roxanne on level 1 of the Snake Pit)
 28242 | Snake:1  | Reached skill level 6 in Fighting
 28485 | Snake:2  | Received a gift from Okawaru
 28485 | Snake:2  | Reached skill level 7 in Fighting
 28732 | Snake:2  | Reached skill level 8 in Fighting
 28757 | Snake:2  | Found a shimmering altar of Xom.
 29234 | Snake:2  | Reached skill level 9 in Fighting
 29259 | Snake:2  | Noticed Nikola
 29264 | Snake:2  | Was placed under penance by Okawaru
 29282 | Snake:2  | Killed Nikola
 29294 | Snake:2  | Was forgiven by Okawaru
 29325 | Snake:2  | Noticed Saint Roka
 29367 | Snake:2  | Killed Saint Roka
 29367 | Snake:2  | Reached skill level 10 in Fighting
 30138 | Snake:3  | Reached skill level 11 in Fighting
 30584 | Snake:3  | Reached skill level 12 in Fighting
 30588 | Snake:3  | Received a gift from Okawaru
 31158 | Snake:4  | Entered Level 4 of the Snake Pit
 31218 | Snake:4  | Noticed Vojta's ghost (adept DEAs)
 31462 | Snake:4  | Killed Vojta's ghost
 31606 | Snake:4  | Reached skill level 13 in Fighting
 31684 | Snake:4  | Reached XP level 18. HP: 114/114 MP: 21/21
 32060 | Snake:4  | Reached skill level 14 in Fighting
 32440 | Snake:4  | Reached skill level 15 in Fighting
 32460 | Snake:4  | Received a gift from Okawaru
 32504 | Snake:4  | Reached skill level 16 in Fighting
 32616 | Snake:4  | Received a gift from Okawaru
 32635 | Snake:4  | Got a serpentine rune of Zot
 32803 | Snake:4  | Got a flickering graven amulet
 32805 | Snake:4  | Identified the amulet of Ypeadd {rPois rN+ Regen+ MP-9} (You acquired it on level 4 of the Snake Pit)
 32809 | Snake:4  | Got a dazzling hand axe
 32810 | Snake:4  | Identified the +8 hand axe of the Ship {flame, Fragile Dex+6} (You acquired it on level 4 of the Snake Pit)
 33170 | Shoals:1 | Entered Level 1 of the Shoals
 33186 | Shoals:1 | Found Sesaira's Gadget Shoppe.
 33292 | Shoals:1 | Reached skill level 17 in Fighting
 33833 | Shoals:1 | Reached XP level 19. HP: 128/128 MP: 22/22
 34090 | Shoals:2 | Noticed Polyphemus
 34090 | Shoals:2 | Found Moemocod's Gadget Shop.
 34113 | Shoals:2 | Killed Polyphemus
 34234 | Shoals:2 | Reached skill level 18 in Fighting
 34354 | Shoals:2 | Reached skill level 1 in Invocations
 35110 | Shoals:3 | Noticed Donald
 35124 | Shoals:3 | Killed Donald
 35140 | Shoals:3 | Received a gift from Okawaru
 35145 | Shoals:3 | Reached skill level 5 in Invocations
 35148 | Shoals:3 | Got a steaming helmet {god gift}
 35159 | Shoals:3 | Identified the +0 helmet "Fubbo" {Str+5 Int+3} (Okawaru gifted it to you on level 3 of the Shoals)
 35271 | Shoals:3 | Noticed Ilsuiw
 35359 | Shoals:3 | Killed Ilsuiw
 36037 | Shoals:4 | Entered Level 4 of the Shoals
 36719 | Shoals:4 | Reached skill level 10 in Invocations
 37213 | Shoals:4 | Reached XP level 20. HP: 136/136 MP: 28/28
 37229 | Shoals:4 | Received a gift from Okawaru
 37242 | Shoals:4 | Got a barnacled rune of Zot
 37834 | Vaults:1 | Entered Level 1 of the Vaults
 38116 | Vaults:1 | Reached skill level 1 in Dodging
 39074 | Vaults:1 | Reached skill level 5 in Dodging
 39280 | Vaults:2 | Received a gift from Okawaru
 39291 | Vaults:2 | Identified the +12 arbalest "Powokebb" {flame, SInv} (Okawaru gifted it to you on level 2 of the Vaults)
 40273 | Vaults:3 | Noticed Aizul
 40294 | Vaults:3 | Killed Aizul
 40342 | Vaults:3 | Received a gift from Okawaru
 40403 | Vaults:3 | Noticed Jorgrun
 40421 | Vaults:3 | Noticed Asterion
 40433 | Vaults:3 | Killed Jorgrun
 40456 | Vaults:3 | Killed Asterion
 40496 | Vaults:3 | Reached XP level 21. HP: 136/141 MP: 23/30
 40497 | Vaults:3 | Noticed Sojobo
 40553 | Vaults:3 | Killed Sojobo
 40698 | Vaults:3 | Noticed Bai Suzhen
 40736 | Vaults:3 | Killed Bai Suzhen
 40765 | Vaults:3 | Reached skill level 10 in Dodging
 41389 | Vaults:3 | Reached skill level 19 in Fighting
 41406 | Vaults:3 | Received a gift from Okawaru
 41826 | Vaults:3 | Found a staircase to the Crypt.
 42212 | Vaults:4 | Reached skill level 20 in Fighting
 42319 | Vaults:4 | Got a twisted glaive {chop}
 42563 | Vaults:4 | Found Dojys's Armour Boutique.
 42669 | Vaults:4 | Reached XP level 22. HP: 153/153 MP: 31/31
 42929 | Vaults:4 | Found Bakk's Jewellery Shop.
 42977 | Vaults:4 | Reached skill level 21 in Fighting
 43312 | Vaults:4 | Received a gift from Okawaru
 43348 | Vaults:4 | Found Taix's General Store.
 43517 | Vaults:5 | Entered Level 5 of the Vaults
 43667 | Vaults:5 | Reached skill level 22 in Fighting
 43668 | Vaults:5 | Cast into level 3 of the Abyss (vault guard)
 43700 | Vaults:5 | Escaped the Abyss
 43792 | Vaults:5 | Identified the Reference Book on Warped Fascination
 43822 | Vaults:5 | Noticed Xtahua
 43825 | Vaults:5 | Paralysed by Xtahua for 5 turns
 43851 | Vaults:5 | Killed Xtahua
 43956 | Vaults:5 | Received a gift from Okawaru
 43968 | Vaults:5 | Reached skill level 23 in Fighting
 44021 | Vaults:5 | Noticed a golden dragon
 44026 | Vaults:5 | Found Biem's Magic Scroll Shoppe.
 44026 | Vaults:5 | Noticed a golden dragon
 44043 | Vaults:5 | Reached XP level 23. HP: 157/165 MP: 30/32
 44050 | Vaults:5 | Killed a golden dragon
 44051 | Vaults:5 | Killed a golden dragon
 44061 | Vaults:5 | Received a gift from Okawaru
 44113 | Vaults:5 | Got a faintly glowing broad axe {god gift}
 44114 | Vaults:5 | Identified the +8 broad axe "Xiofrarph" {drain, *Noise MP+9 Str+7} (Okawaru gifted it to you on level 5 of the Vaults)
 44209 | Vaults:5 | Got a silver rune of Zot
 44294 | Vaults:5 | Reached skill level 24 in Fighting
 44324 | Vaults:5 | Paralysed by a floating eye for 3 turns
 44665 | Vaults:5 | Received a gift from Okawaru
 44673 | Vaults:5 | Got a translucent battleaxe {god gift}
 44674 | Vaults:5 | Identified the +6 battleaxe of Optimality {venom, Stlth+} (Okawaru gifted it to you on level 5 of the Vaults)
 44767 | Vaults:5 | Paralysed by a floating eye for 3 turns
 44808 | Vaults:5 | Reached skill level 25 in Fighting
 45101 | Vaults:5 | Received a gift from Okawaru
 45163 | Vaults:5 | Found Egecad's Assorted Antiques.
 46096 | Depths:1 | Entered Level 1 of the Depths
 46105 | Depths:1 | Reached XP level 24. HP: 177/177 MP: 30/32
 46181 | Depths:1 | Reached skill level 26 in Fighting
 46639 | Depths:1 | Found Rawnatusk's Serpentskin Sales.
 46789 | Depths:1 | Found a runed door.
 46818 | Depths:1 | Gained mutation: Scrolls take you a little longer to read. [a neqoxec]
 46825 | Depths:1 | Found a runed door.
 46827 | Depths:1 | Lost mutation: Scrolls take you a little longer to read. [potion of mutation]
 46827 | Depths:1 | Lost mutation: Your mind is acute. (Int +2) [potion of mutation]
 46827 | Depths:1 | Lost mutation: You are partially covered in large bone plates. (SH +4) [potion of mutation]
 46827 | Depths:1 | Lost mutation: Your spells are a little harder to cast, but a little more powerful. [potion of mutation]
 46827 | Depths:1 | Gained mutation: You have a beak for a mouth. [potion of mutation]
 46827 | Depths:1 | Gained mutation: You are surrounded by a mild repulsion field. (EV +2) [potion of mutation]
 46827 | Depths:1 | Gained mutation: You are dopey. (Int -2) [potion of mutation]
 46827 | Depths:1 | Gained mutation: You have large cloven feet. [potion of mutation]
 46828 | Depths:1 | Lost mutation: You have large cloven feet. [potion of mutation]
 46828 | Depths:1 | Lost mutation: You are surrounded by a mild repulsion field. (EV +2) [potion of mutation]
 46828 | Depths:1 | Lost mutation: You are dopey. (Int -2) [potion of mutation]
 46828 | Depths:1 | Gained mutation: Your flesh is heat resistant. (rF+) [potion of mutation]
 46828 | Depths:1 | Gained mutation: You have an increased reservoir of magic. (+10% MP) [potion of mutation]
 46828 | Depths:1 | Gained mutation: You have a pair of small horns on your head. [potion of mutation]
 46829 | Depths:1 | Lost mutation: Your flesh is heat resistant. (rF+) [potion of mutation]
 46829 | Depths:1 | Lost mutation: You have a pair of small horns on your head. [potion of mutation]
 46829 | Depths:1 | Lost mutation: You have an increased reservoir of magic. (+10% MP) [potion of mutation]
 46829 | Depths:1 | Gained mutation: Your flesh is cold resistant. (rC+) [potion of mutation]
 46829 | Depths:1 | Gained mutation: Your spells are a little harder to cast, but a little more powerful. [potion of mutation]
 46829 | Depths:1 | Gained mutation: You possess an exceptional clarity of mind. [potion of mutation]
 46830 | Depths:1 | Lost mutation: You have a beak for a mouth. [potion of mutation]
 46830 | Depths:1 | Lost mutation: You possess an exceptional clarity of mind. [potion of mutation]
 46830 | Depths:1 | Lost mutation: Your spells are a little harder to cast, but a little more powerful. [potion of mutation]
 46830 | Depths:1 | Gained mutation: Your muscles are strong. (Str +2) [potion of mutation]
 46830 | Depths:1 | Gained mutation: You are agile. (Dex +2) [potion of mutation]
 46884 | Depths:1 | Received a gift from Okawaru
 46904 | Depths:1 | Found a burning altar of Makhleb.
 46968 | Depths:1 | Gained mutation: Scrolls take you a little longer to read. [a cacodemon]
 47005 | Depths:1 | Identified Qutaip's Handbook of Icy Execration
 47129 | Depths:1 | Found a gateway to Hell.
 48204 | Depths:2 | Received a gift from Okawaru
 48326 | Depths:2 | Received a gift from Okawaru
 49157 | Depths:1 | Reached XP level 25. HP: 181/184 MP: 32/32
 49258 | Depths:2 | Found a one-way gate leading to the halls of Pandemonium.
 51446 | Depths:4 | Received a gift from Okawaru
 52164 | Depths:4 | Noticed Frederick
 52191 | Depths:4 | Noticed Louise
 52211 | Depths:4 | Killed Louise
 52225 | Depths:4 | Killed Frederick
 52278 | Depths:4 | Found a one-way gate to the infinite horrors of the Abyss.
 52773 | Depths:5 | Entered Level 5 of the Depths
 52864 | Depths:5 | Found a gateway to a ziggurat.
 52993 | Depths:5 | Noticed a juggernaut
 52994 | Depths:5 | Reached skill level 15 in Dodging
 52994 | Depths:5 | Reached XP level 26. HP: 190/191 MP: 32/32
 53014 | Depths:5 | Killed a juggernaut
 53195 | Depths:5 | Paralysed by a floating eye for 3 turns
 53201 | Depths:5 | Paralysed by a floating eye for 4 turns
 53214 | Depths:5 | Received a gift from Okawaru
 53419 | Depths:5 | Found a gate to the Realm of Zot.
 53492 | Depths:5 | Received a gift from Okawaru
 53503 | Depths:5 | Got a scorched lapis lazuli ring
 53506 | Depths:5 | Identified the ring of Royalty {rElec AC+2} (You acquired it on level 5 of the Depths)
 53509 | Depths:5 | Identified the amulet "Widuanach" {Gourm rF+ Int+4} (You acquired it on level 5 of the Depths)
 54715 | Elf:1    | Entered Level 1 of the Elven Halls
 54731 | Elf:1    | Found a radiant altar of Vehumet.
 54901 | Elf:1    | Received a gift from Okawaru
 55092 | Elf:1    | Found a radiant altar of Vehumet.
 55761 | Elf:2    | Found a runed gate.
 55761 | Elf:2    | Found a runed gate.
 55766 | Elf:2    | Found a runed gate.
 55813 | Elf:2    | Noticed Azrael
 55825 | Elf:2    | Killed Azrael
 55825 | Elf:2    | Reached XP level 27. HP: 190/196 MP: 32/32
 56237 | Elf:2    | Noticed Agnes
 56253 | Elf:2    | Killed Agnes
 56826 | Elf:3    | Entered Level 3 of the Elven Halls
 56826 | Elf:3    | Noticed Canard's ghost (adept HOWn)
 56860 | Elf:3    | Killed Canard's ghost
 58466 | Elf:3    | Received a gift from Okawaru
 58480 | Elf:3    | Got a slimy granite ring
 58530 | Elf:3    | Identified the ring "Luguneat" {*Tele rElec Int+3 Dex-5 Stlth+} (You took it off a deep elf demonologist on level 3 of the Elven Halls)
 58762 | Elf:3    | Identified the Catalogue of the Noxious Glacier
 58775 | Elf:3    | Identified the +1 plate armour "Xisih" {+Fly rN+ Dex-3 Stlth+} (You found it on level 3 of the Elven Halls)
 58785 | Elf:3    | Got a polished hat
 58796 | Elf:3    | Identified the +2 hat of Surprise {rElec MR+ SInv} (You acquired it on level 3 of the Elven Halls)
 58862 | Elf:3    | Identified Sif Muna's Collected Works on Freezing Envenoming
 59339 | Depths:1 | Identified the cursed +2 glaive of the Priest {vamp, Str+4} (You found it on level 1 of the Depths)
 59595 | Vaults:4 | Identified the +7 chain mail of Vuaqen {rF+ rC+ rN+ Int-2} (Okawaru gifted it to you on level 4 of the Vaults)
 59838 | Vaults:5 | Identified the +2 glaive "Duosen" {chop, Str+2} (You took it off a yaktaur on level 4 of the Vaults)
 60302 | Zot:1    | Entered Level 1 of the Realm of Zot
 61114 | Zot:2    | Noticed an orb of fire
 61127 | Zot:2    | Gained mutation: You are frail. (-10% HP) [an orb of fire]
 61129 | Zot:2    | Lost mutation: You are agile. (Dex +2) [an orb of fire]
 61133 | Zot:2    | Gained mutation: You are occasionally teleported next to monsters. [an orb of fire]
 61136 | Zot:2    | Gained mutation: You have a pair of small antennae on your head. [an orb of fire]
 61143 | Zot:2    | Killed an orb of fire
 61161 | Zot:2    | Received a gift from Okawaru
 61875 | Zot:2    | Reached skill level 15 in Invocations
 62024 | Zot:2    | Received a gift from Okawaru
 62029 | Zot:2    | Identified the +2 battleaxe of Battle {vamp, rPois rN+++ Dex-2} (Okawaru gifted it to you on level 2 of the Realm of Zot)
 62835 | Zot:3    | Noticed an orb of fire
 62836 | Zot:3    | Noticed an orb of fire
 62851 | Zot:2    | Gained mutation: You tend to lose your temper in combat. [an orb of fire]
 62858 | Zot:2    | Killed an orb of fire
 62858 | Zot:2    | Reached skill level 5 in Evocations
 63037 | Zot:2    | Gained mutation: Your magical capacity is low. (-10% MP) [an orb of fire]
 63048 | Zot:2    | Killed an orb of fire
 63128 | Zot:3    | Received a gift from Okawaru
 64125 | Zot:4    | Reached skill level 10 in Evocations
 65202 | Zot:4    | Noticed an orb of fire
 65222 | Zot:4    | Killed an orb of fire
 65351 | Zot:5    | Entered Level 5 of the Realm of Zot
 65524 | Zot:5    | Received a gift from Okawaru
 66294 | Zot:5    | Noticed an orb of fire
 66298 | Zot:5    | Gained mutation: Scrolls take you longer to read. [an orb of fire]
 66321 | Zot:5    | Gained mutation: Your magical capacity is very low. (-20% MP) [an orb of fire]
 66342 | Zot:5    | Killed an orb of fire
 66342 | Zot:5    | Reached skill level 15 in Evocations
 66353 | Zot:5    | Noticed an orb of fire
 66355 | Zot:5    | Noticed an orb of fire
 66358 | Zot:5    | Gained mutation: You are clumsy. (Dex -2) [an orb of fire]
 66363 | Zot:5    | Gained mutation: You expend magic power (3 MP) to strengthen your wands. [an orb of fire]
 66363 | Zot:5    | Gained mutation: You are very frail. (-20% HP) [an orb of fire]
 66365 | Zot:5    | Gained mutation: You often lose your temper in combat. [an orb of fire]
 66370 | Zot:5    | HP: 2/156 [orb of fire/bolt of fire (30)]
 66370 | Zot:5    | Killed from afar by an orb of fire

Skill      XL: |  1  2  3  4  5  6  7  8  9 10 11 12 13 14 15 16 17 18 19 20 21 22 23 24 25 26 27 |
---------------+----------------------------------------------------------------------------------+-----
Fighting       | 4 5 13 17 18 20 23 25 26 | 26.3
Armour         | 5 7 9 11 12 14 16 17 20 22 | 22.0
Axes           | 7 10 11 12 15 17 18 20 | 20.2
Evocations     | 4 15 | 15.1
Invocations    | 11 13 17 | 17.1
Dodging        | 8 10 15 18 20 | 20.5
Shields        | |  3.2

Action                   |  1- 3 |  4- 6 |  7- 9 | 10-12 | 13-15 | 16-18 | 19-21 | 22-24 | 25-27 || total
-------------------------+-------+-------+-------+-------+-------+-------+-------+-------+-------++-------
Melee: War axe           |   125 |   259 |   452 |   748 |  1290 |       |       |       |       ||  2874
       Hand axe          |       |       |       |   140 |   121 |       |       |       |       ||   261
       Battleaxe         |       |       |       |       |   392 |  1896 |  2103 |  1846 |  1220 ||  7457
       Executioner's axe |       |       |       |       |       |       |       |       |  2143 ||  2143
Invok: Heroism           |       |       |     1 |     8 |    10 |    16 |    14 |    14 |    39 ||   102
       Finesse           |       |       |       |     1 |     1 |     3 |     1 |     3 |    14 ||    23
 Abil: Fly               |       |       |       |       |     1 |       |     1 |       |       ||     2
       Stop Flying       |       |       |       |       |       |       |     1 |       |       ||     1
       Evoke Invisibilit |       |       |       |       |       |       |       |       |     2 ||     2
Evoke: Wand              |       |       |       |    33 |     9 |     6 |     2 |       |    21 ||    71
       Lamp of fire      |       |       |       |       |     1 |     2 |       |       |     1 ||     4
       Phial of floods   |       |       |       |       |       |     2 |       |       |     1 ||     3
       Phantom mirror    |       |       |       |       |       |     1 |       |       |       ||     1
       Lightning rod     |       |       |       |       |       |     4 |       |       |     4 ||     8
       Fan of gales      |       |       |       |       |       |       |       |       |     1 ||     1
  Use: Scroll            |       |     6 |     8 |     9 |     9 |    10 |    21 |     3 |    30 ||    96
       Potion            |       |       |     5 |     1 |     1 |     4 |     1 |    11 |     5 ||    28
 Stab: Paralysed         |       |       |       |     1 |       |       |       |       |       ||     1
       Petrified         |       |       |       |       |    15 |       |       |       |     2 ||    17
       Petrifying        |       |       |       |       |     5 |       |       |       |       ||     5
       Invisible         |       |       |       |       |       |     3 |       |       |     7 ||    10
       Confused          |       |       |       |       |       |     3 |       |       |       ||     3
       Distracted        |       |       |       |       |       |       |       |     1 |     6 ||     7
  Eat: Chunk             |     1 |     5 |     5 |    16 |    33 |    29 |    29 |    22 |    42 ||   182
       Bread ration      |       |       |     3 |     2 |     4 |     3 |       |     2 |     4 ||    18
       Royal jelly       |       |       |       |       |       |       |     1 |       |     1 ||     2
Armor: Scale mail        |   103 |       |       |       |       |       |       |       |       ||   103
       Plate armour      |    12 |   216 |   337 |    74 |       |       |       |       |       ||   639
       Crystal plate arm |       |       |       |   528 |  1153 |  1706 |  2015 |  2361 |  2984 || 10747
Dodge: Dodged            |    56 |    27 |    88 |    83 |   212 |   288 |   543 |  1350 |  3188 ||  5835
       Deflected         |       |       |       |       |       |       |       |    25 |   162 ||   187
Block: Shield            |    95 |   149 |   313 |   619 |  1191 |       |       |       |       ||  2367
       Reflection        |       |       |       |       |    19 |    73 |    75 |    18 |       ||   185
       Other             |       |       |       |       |   236 |   756 |   842 |   556 |       ||  2390
